 Dungeon Crawl Stone Soup version 0.10.4 character file.

306 Lobotomite the Shield-Bearer (level 5, -1/49 HPs)
             Began as a Deep Dwarf Fighter on Oct 1, 2023.
             Killed from afar by an orc wizard (8 damage)
             ... with a magic dart
             ... on Level 3 of the Dungeon.
             The game lasted 00:15:11 (2307 turns).

Lobotomite the Shield-Bearer (Deep Dwarf Fighter)   Turns: 2307, Time: 00:15:11

HP  -1/49        AC  6     Str 20      XL: 5   Next:  5%
MP   4/4         EV  9     Int  9      God:
Gold 174         SH 12     Dex 12      Spells:  0 memorised,  4 levels left

Res.Fire  : . . .   See Invis. : .   a - +0 dwarf hand axe {=f}
Res.Cold  : . . .   Warding    : . . v - +1 ring mail
Life Prot.: . . .   Conserve   : .   w - +2 buckler
Res.Acid. : . . .   Res.Corr.  : .   (no helmet)
Res.Poison: .       Clarity    : .   (no cloak)
Res.Elec. : .       Spirit.Shd : .   (no gloves)
Sust.Abil.: . .     Stasis     : .   (no boots)
Res.Mut.  : .       Ctrl.Telep.: .   (no amulet)
Res.Rott. : .       Levitation : .   (no ring)
Saprovore : . . .   Ctrl.Flight: .   (no ring)

@: non-regenerating, somewhat resistant to hostile enchantments, very unstealthy
A: damage resistance, recharge devices, sense surroundings 1, slow healing 3
a: Device Recharging


You were on level 3 of the Dungeon.
You were not hungry.

You visited 1 branch of the dungeon, and saw 3 of its levels.

You collected 154 gold pieces.

Inventory:

Hand weapons
 a - a +0,+0 dwarven hand axe (weapon) {=f}
 k - a +0,+0 hand axe (quivered)
Armour
 b - a +0 dwarven scale mail
 c - a +0 dwarven shield
 v - a +1 ring mail (worn)
 w - a +2 buckler (worn)
Magical devices
 d - a wand of heal wounds (5)
Comestibles
 f - a bread ration
 m - a cheese
 n - a choko
Scrolls
 e - 2 scrolls of teleportation
 h - a scroll of blinking {unknown}
 i - 2 scrolls of identify
 j - 2 scrolls of random uselessness
 o - a scroll of recharging {unknown}
 q - a scroll of detect curse {unknown}
 r - a scroll of remove curse {unknown}
 s - 2 scrolls of curse jewellery {unknown}
 t - 2 scrolls of fog {unknown}
 u - a scroll of enchant weapon I {unknown}
Potions
 g - 2 potions of heal wounds {unknown}
 l - 5 potions of curing
 p - a potion of poison {unknown}


   Skills:
 + Level 3.0 Fighting
 + Level 3.2 Axes
 + Level 4.1 Armour
 + Level 2.8 Dodging
 + Level 0.8 Stealth
 + Level 4.1 Shields


You had 4 spell levels left.
You didn't know any spells.

Dungeon Overview and Level Annotations

Branches:
Dungeon (3/27)

Altars:
Elyvilon
Nemelex Xobeh


Innate Abilities, Weirdness & Mutations

You are resistant to damage.
You can recharge devices by infusing magical energy.
You passively map a small area around you.
You do not heal naturally.


Message History

You miss it. It hits you but does no damage. It hits you but does no damage.
You hit it but do no damage. You block its attack.
You barely miss it. It hits you.
* * * LOW HITPOINT WARNING * * *
You hit it but do no damage. It hits you but does no damage.
You barely miss it. It hits you but does no damage.
An orc comes into view. It is wielding an orcish mace.
You closely miss it.
The orc shouts!
It hits you but does no damage.
You hit it.
You hear some strange, mumbled words.
The magic dart hits you!
* * * LOW HITPOINT WARNING * * *
It hits you.
You completely miss it. It hits you but does no damage.
You hit it.
You hear some strange, mumbled words.
The magic dart hits you!
You die...

............)....................
##.#.#..............#.###########
...#.............<..........<....
######.############...####.....#.
.......# #.. , #...#......#.#.
#############.###.#...#.####(#.#.
........).o..#...#.# #.#.#.
#.#####...#.# #)#... ,
#.o)@.....#.# #.#...
,##############..#.# #.#...
#...............#.# #.#...
#.#############.#.# #.###) **,#.#
#.#.# #.)... ,, , #.# #.#.#
###... #######.# #.#.######...
....<.#.# #.#......#... .######.#
** * #.########...


You could see an orc.

Vanquished Creatures
  An orc priest (D:3)
  3 gnolls (D:3)
  An adder (D:2)
  4 orcs (D:3)
  5 hobgoblins (D:1)
  A quokka (D:2)
  12 bats
  4 giant cockroaches
  2 giant geckos
  3 giant newts
  10 goblins
  9 kobolds
  4 rats
59 creatures vanquished.

Vanquished Creatures (others)
  A toadstool (D:3)
1 creature vanquished.

Grand Total: 60 creatures vanquished

Notes
Turn   | Place    | Note
--------------------------------------------------------------
     0 | D:1      | Lobotomite, the Deep Dwarf Fighter, began the quest for the Orb.
     0 | D:1      | Reached XP level 1. HP: 21/21 MP: 0/0
   260 | D:1      | Reached XP level 2. HP: 26/28 MP: 1/1
   577 | D:1      | Reached skill level 1 in Dodging
   919 | D:2      | Reached XP level 3. HP: 33/36 MP: 2/2
   960 | D:2      | Found a sparkling altar of Nemelex Xobeh.
  1464 | D:2      | Reached skill level 4 in Shields
  1785 | D:3      | Reached XP level 4. HP: 43/43 MP: 3/3
  1984 | D:3      | Found a white marble altar of Elyvilon.
  2289 | D:3      | Reached XP level 5. HP: 21/49 MP: 4/4
  2307 | D:3      | Killed from afar by an orc wizard
